 Dungeon Crawl Stone Soup version 0.30-a0-553-g7fabdf1491 (webtiles) character file.

Game seed: 1645811383611970194

13836 Adrian566 the Basher (level 11, 0/105 HPs)
             Began as a Troll Fighter on Dec 26, 2022.
             Was an Initiate of Gozag.
             Constricted to death by Jorgrun (15 damage)
             ... on level 12 of the Dungeon.
             The game lasted 00:13:26 (11078 turns).

Adrian566 the Basher (Troll Fighter)               Turns: 11078, Time: 00:13:27

Health: 0/105      AC:  7    Str: 36    XL:     11   Next: 80%
Magic:  10/10      EV: 12    Int:  4    God:    Gozag
Gold:   3093       SH:  0    Dex:  9    Spells: 10/10 levels left

rFire   . . .      SeeInvis .    m - +9 giant spiked club (flame)
rCold   . . .      Faith    .    (shield currently unavailable)
rNeg    . . .      Spirit   .    b - +0 robe
rPois   .          Reflect  .    (helmet restricted)
rElec   .          Harm     .    A - +2 cloak
rCorr   .          Rampage  .    (gloves unavailable)
Will    .....                    (boots unavailable)
Stlth   +                        j - amulet of regeneration
HPRegen 1.97/turn                y - +4 ring of evasion
MPRegen 0.12/turn                G - +6 ring of strength

@: grasped by roots, gold aura, constricted
A: large, unfitting armour, claws 3, regeneration 1, shaggy fur 1, tough skin 1
a: Renounce Religion, Potion Petition, Call Merchant, Bribe Branch


You were on level 12 of the Dungeon.
You worshipped Gozag.
Gozag was most pleased with you.
You visited 2 branches of the dungeon, and saw 13 of its levels.
You also visited: Sewer and Ossuary.

You collected 3610 gold pieces.
You spent 428 gold pieces at shops.
You paid 89 gold pieces to Gozag.

Inventory:

Hand Weapons
 a - a +0 flail
 m - a +9 giant spiked club of flaming (weapon)
Armour
 b - a +0 robe (worn)
 o - a +1 cloak
 r - a scarf of resistance
 A - a +2 cloak (worn)
Jewellery
 h - a +6 ring of dexterity
 j - an amulet of regeneration (around neck)
 y - a +4 ring of evasion (left claw)
 D - a ring of poison resistance
 G - a +6 ring of strength (right claw)
 M - a ring of protection from fire
Wands
 s - a wand of roots (10)
 u - a wand of mindburst (27)
 J - a wand of light (6)
Scrolls
 c - 2 scrolls of silence
 e - 2 scrolls of summoning
 f - 10 scrolls of teleportation
 k - a scroll of fog
 l - 3 scrolls of vulnerability
 t - 4 scrolls of blinking
 x - 3 scrolls of identify
 z - 2 scrolls of amnesia
 B - a scroll of enchant armour
 C - 4 scrolls of noise
 I - 2 scrolls of magic mapping
Potions
 d - 4 potions of might
 g - a potion of brilliance
 i - 3 potions of attraction
 n - 5 potions of heal wounds
 p - 2 potions of cancellation
 q - a potion of ambrosia
 v - 2 potions of resistance
 w - 10 potions of curing
 E - 2 potions of magic
 K - a potion of flight


   Skills:
 + Level 6.1 Fighting
 * Level 14.4 Maces & Flails
 * Level 7.3 Dodging
 + Level 1.5 Stealth
 - Level 2.8 Shields


You had 10 spell levels left.
You didn't know any spells.
Your spell library contained the following spells:

 Spells                   Type           Power      Damage    Failure   Level
 Freeze                   Ice            0%         1d3       50%         1
 Kiss of Death            Conj/Necr      0%         2d5       50%         1
 Sting                    Tmut/Pois      0%         1d3       50%         1
 Blink                    Tloc           0%         N/A       65%         2
 Ensorcelled Hibernation  Hex/Ice        0%         N/A       65%         2
 Momentum Strike          Conj/Tloc      0%         3d8       65%         2
 Passwall                 Tmut/Erth      0%         N/A       65%         2
 Poisonous Vapours        Pois/Air       0%         N/A       65%         2
 Confusing Touch          Hex            0%         N/A       86%         3
 Frozen Ramparts          Ice            0%         1d1       86%         3
 Hailstorm                Conj/Ice       0%         3d3       86%         3
 Lesser Beckoning         Tloc           0%         N/A       86%         3
 Portal Projectile        Hex/Tloc       0%         N/A       86%         3
 Swiftness                Air            0%         N/A       86%         3
 Tukima's Dance           Hex            0%         N/A       86%         3
 Dispel Undead            Necr           0%         3d6       99%         4
 Olgreb's Toxic Radiance  Pois           0%         N/A       99%         4
 Petrify                  Tmut/Erth      0%         N/A       99%         4
 Blade Hands              Tmut           0%         N/A       100%        5
 Metabolic Englaciation   Hex/Ice        0%         N/A       100%        5
 Statue Form              Tmut/Erth      0%         N/A       100%        6


Dungeon Overview and Level Annotations

Branches:
Dungeon (12/15)            Temple (1/1) D:4            Lair (0/5) D:11
    Orc (0/2) D:11          Sewer (visited)         Ossuary (visited)

Altars:
Ashenzari
Cheibriados
Dithmenos
Elyvilon
Fedhas
Gozag
Hepliaklqana
Kikubaaqudgha
Makhleb
Nemelex Xobeh
Okawaru
Qazlal
Ru
Sif Muna
Trog
Uskayaw
Vehumet
Wu Jian
Xom
Yredelemnul
Zin
The Shining One

Shops:
D:9 :   D:10 ((?[

Annotations:
D:12 Jorgrun


Innate Abilities, Weirdness & Mutations

You are too large for most types of armour.
You have claws for hands.
Your natural rate of healing is unusually fast.
You are covered in fur. (AC +1)
You have tough skin. (AC +1)


Message History

The cyclops closely misses you.
You hammer the cyclops like a gong!!! You burn the cyclops!
You kill the cyclops!
You completely miss Jorgrun.
Jorgrun drinks a potion.
Jorgrun seems to grow stronger.
You closely miss Jorgrun. Jorgrun barely misses you.
You bludgeon Jorgrun!! You burn Jorgrun.
Jorgrun is moderately wounded.
Jorgrun misses you.
You miss Jorgrun.
Jorgrun is moderately wounded.
Jorgrun points at you and mumbles some strange words.
Roots burst forth from the earth!
The grasping roots grab you! The grasping roots constrict you!
You closely miss Jorgrun.
Jorgrun is moderately wounded.
Jorgrun hits you with a staff of earth!!
Jorgrun shatters you!! The grasping roots constrict you!
* * * LOW HITPOINT WARNING * * *
You are too injured to fight recklessly!
You are too injured to fight recklessly!
You are too injured to fight recklessly!
You are too injured to fight recklessly!
You are too injured to fight recklessly!
You are too injured to fight recklessly!
You are too injured to fight recklessly!
Jorgrun is nearby!
Jorgrun is nearby!
You feel much better. Jorgrun barely misses you.
The grasping roots constrict you!!
* * * LOW HITPOINT WARNING * * *
You feel much better.
Jorgrun hits you with a staff of earth!!
* * * LOW HITPOINT WARNING * * *
Jorgrun shatters you!
* * * LOW HITPOINT WARNING * * *
The grasping roots constrict you!
You die...
Your body crumbles into a pile of gold.

#.....##.............
#.....##...#.........
#..>..##...#.........
#.$...##...#.........
#.....##...#...#.....
#..........#...#.....
#......##.. #.....
#......# #.....
#..$@..# #.....
#...g..# #.....
#####..# ..... .!#
... .... ..... ..#...


You could see Jorgrun (strong).

Vanquished Creatures
  3 two-headed ogres
  The ghost of hikkokomori the Cleaver, a novice FoFi (D:6)
  A deep elf pyromancer (D:11)
  An ugly thing (D:12)
  A cyclops (D:12)
  An unseen horror (D:12)
  An unseen horror zombie (D:6)
  2 komodo dragons (D:11)
  An unseen horror skeleton (D:6)
  2 trolls
  2 hornets (D:9)
  Grinder (D:6)
  A shadow (D:11)
  6 yaks
  2 wyverns
  2 wraiths
  A steam dragon (D:7)
  2 acid dragons (D:11)
  2 water moccasins (D:11)
  3 ice beasts
  6 orc warriors
  6 black bears
  3 sky beasts
  2 ogres
  6 centaurs
  7 kobold brigands
  A gnoll sergeant (D:9)
  2 necrophages
  2 scorpions (D:6)
  7 bullfrogs
  2 water moccasin zombies (Ossuary)
  7 wights
  13 killer bees
  2 howler monkeys
  3 hounds
  A jelly (D:4)
  5 orc priests
  A gnoll bouda (D:9)
  12 orc wizards
  8 iguanas
  A human zombie (D:8)
  2 mummies (Ossuary)
  10 gnolls (D:9)
  12 adders
  A shadow imp (D:6)
  2 ufetubi
  5 adder zombies (Ossuary)
  3 worms
  6 dart slugs
  33 orcs
  8 endoplasms
  9 giant cockroaches
  2 gnoll zombies (Ossuary)
  5 goblins
  5 hobgoblins
  4 jackals (D:1)
  34 kobolds
  10 quokkas
  15 ball pythons
  6 bats
  8 frilled lizards
  6 hobgoblin zombies
  A jackal zombie (D:8)
  3 kobold zombies (Ossuary)
  7 orc zombies
  4 rats
334 creatures vanquished.

Vanquished Creatures (others)
  9 fungi (D:11)
  4 plants (D:11)
13 creatures vanquished.

Grand Total: 347 creatures vanquished

Notes
Turn   | Place    | Note
-------+----------+-------------------------------------------
     0 | D:1      | Adrian566 the Troll Fighter began the quest for the Orb.
     0 | D:1      | Reached XP level 1. HP: 22/22 MP: 0/0
   141 | D:1      | Reached skill level 2 in Maces & Flails
   141 | D:1      | Reached XP level 2. HP: 29/29 MP: 1/1
   650 | D:1      | Reached XP level 3. HP: 36/36 MP: 2/2
  1040 | D:2      | Identified the +0 pair of boots of the Bulwark {rF- Str+3
                  | Int+4 Dex+2}
  1327 | D:3      | Reached skill level 3 in Maces & Flails
  1526 | D:3      | Reached XP level 4. HP: 44/44 MP: 3/3
  1692 | D:3      | Identified the +7 quarterstaff of the Inferno {vorpal, rC+
                  | Will+}
  1772 | D:3      | Found a burning altar of Makhleb.
  1986 | D:4      | Noticed an orc warrior
  1986 | D:4      | Found a glowing drain.
  2000 | D:3      | Killed an orc warrior
  2001 | D:3      | Reached skill level 4 in Maces & Flails
  2001 | D:3      | Reached XP level 5. HP: 44/50 MP: 4/4
  2017 | D:3      | Reached XP level 6. HP: 43/59 MP: 5/5
  2082 | D:4      | Reached skill level 5 in Maces & Flails
  2100 | Sewer    | Entered a sewer
  2391 | Sewer    | Reached XP level 7. HP: 47/67 MP: 6/6
  2602 | D:4      | Reached skill level 6 in Maces & Flails
  2702 | D:4      | Reached skill level 7 in Maces & Flails
  2780 | D:4      | Found a staircase to the Ecumenical Temple.
  2794 | Temple   | Entered the Ecumenical Temple
  3010 | D:4      | Found a faded altar of an unknown god.
  3010 | D:4      | Found an ornate altar of the Wu Jian Council.
  3046 | D:4      | Found an ancient bone altar of Kikubaaqudgha.
  3048 | D:4      | Found a blossoming altar of Fedhas.
  3050 | D:4      | Found a faded altar of an unknown god.
  3093 | D:5      | Entered Level 5 of the Dungeon
  3102 | D:5      | Reached XP level 8. HP: 75/75 MP: 7/7
  3702 | D:5      | Found an opulent altar of Gozag.
  3795 | D:5      | Reached skill level 8 in Maces & Flails
  3929 | D:5      | Became a worshipper of Gozag Ym Sagoz the Greedy
  4289 | D:6      | Noticed Grinder
  4291 | D:6      | Paralysed by Grinder for 5 turns
  4305 | D:6      | Killed Grinder
  4306 | D:6      | Reached skill level 9 in Maces & Flails
  4306 | D:6      | Reached XP level 9. HP: 62/84 MP: 8/8
  4406 | D:6      | Reached skill level 5 in Dodging
  4502 | D:6      | Found a runed translucent gate.
  4502 | D:6      | Found a runed translucent gate.
  4503 | D:6      | Found a runed translucent gate.
  4735 | D:6      | Noticed hikkokomori's ghost (novice FoFi)
  4830 | D:6      | Reached skill level 10 in Maces & Flails
  4835 | D:6      | Killed hikkokomori's ghost
  5032 | D:7      | Reached skill level 11 in Maces & Flails
  5331 | D:7      | Reached XP level 10. HP: 94/94 MP: 9/9
  5433 | D:7      | Found a sparkling altar of Nemelex Xobeh.
  5433 | D:7      | Found a radiant altar of Vehumet.
  5560 | D:7      | Found a broken altar of Ashenzari.
  5961 | D:8      | Found a sand-covered staircase.
  5980 | Ossuary  | Entered an ossuary
  6029 | Ossuary  | Reached skill level 5 in Fighting
  6516 | D:8      | Found a glowing golden altar of the Shining One.
  6667 | D:8      | Reached skill level 1 in Stealth
  7077 | D:9      | Identified 2 scrolls of acquirement
  7077 | D:9      | Acquired 881 gold pieces
  7748 | D:9      | Acquired 389 gold pieces
  7764 | D:9      | Reached skill level 12 in Maces & Flails
  8066 | D:9      | Found Xebli's Tremendous Tomes.
  9179 | D:10     | Entered Level 10 of the Dungeon
  9194 | D:10     | Found Arhoah's Antique Armour Emporium.
  9206 | D:10     | Bought a glowing scarf for 200 gold pieces
  9227 | D:10     | Found a snail-covered altar of Cheibriados.
  9563 | D:10     | Noticed a two-headed ogre
  9568 | D:10     | Killed a two-headed ogre
  9569 | D:10     | Reached skill level 13 in Maces & Flails
  9569 | D:10     | Reached XP level 11. HP: 86/104 MP: 10/10
  9612 | D:10     | Noticed a two-headed ogre
  9628 | D:10     | Killed a two-headed ogre
  9666 | D:10     | Found Uneosch's Magic Scroll Emporium.
  9684 | D:10     | Bought a scroll of blinking for 90 gold pieces
  9684 | D:10     | Bought a scroll of summoning for 114 gold pieces
  9684 | D:10     | Bought a scroll of identify for 24 gold pieces
  9705 | D:10     | Found Guewuuga's Antique Weapon Emporium.
  9891 | D:10     | Found Pitafej's Weapon Shoppe.
  9943 | D:11     | Noticed a two-headed ogre
  9946 | D:11     | Killed a two-headed ogre
  9997 | D:11     | Noticed a deep elf pyromancer
 10004 | D:11     | Killed a deep elf pyromancer
 10148 | D:11     | Reached skill level 14 in Maces & Flails
 10283 | D:11     | Found a staircase to the Lair.
 10642 | D:11     | Found a staircase to the Orcish Mines.
 11018 | D:12     | Noticed a purple ugly thing
 11023 | D:12     | Killed a purple ugly thing
 11068 | D:12     | Noticed Jorgrun
 11078 | D:12     | Constricted to death by Jorgrun

Illustrated notes

Levels and vault maps discovered:
D:1:      mrwooster_arrival_statue_2, layout_basic, serial_forest,
          infiniplex_forest_lined_room_, infiniplex_forest_lined_2,
          infiniplex_forest_pool, infiniplex_forest_lined_corner,
          infiniplex_forest_straight_2, infiniplex_forest_corner_1,
          infiniplex_forest_straight_4, minmay_tetromino_t2
D:2:      layout_rooms
D:3:      layout_loops_ring, general_overflow_altar, minmay_pentangle
D:4:      layout_cave_pools, chequers_temple_overflow_minitemple,
          minmay_temple_entry_grid, cheibrodos_sewer_entry_sluice,
          serial_bayou_pond_b, grunt_decor_junction
D:5:      layout_basic, grunt_gozag_breadcrumbs
D:6:      layout_loops_ring, gammafunk_ghost_necromancy, uniq_grinder
D:7:      layout_layer_cave, nicolae_overflow_two_pavilions,
          evilmike_ruin_ashenzari
D:8:      layout_basic, tso_altar, enter_ossuary_3
D:9:      kennysheep_six_static_rooms, layout_layer_cave,
          nicolae_shop_i_like_big_books, chequers_avenue,
          kennysheep_another_room
D:10:     layout_basic, mainiacjoe_overflow_catwalk, serial_shops,
          nicolae_shop_crystal, nicolae_square_shop, shop, shop_coins
D:11:     layout_cave_pods, due_lair_maze_entry_diamond, orc_0_dummy
D:12:     minmay_tile_spiral, layout_long_grid, kennysheep_path_1, uniq_jorgrun
Temple:   nicolae_temple_slightly_damp_pantheon

Skill      XL: |  1  2  3  4  5  6  7  8  9 10 11 |
---------------+----------------------------------+-----
Maces & Flails | 2 3 4 5 7 9 11 13 14 | 14.4
Dodging        | 3 4 5 6 7 |  7.3
Fighting       | 3 4 5 6 |  6.1
Stealth        | 1 |  1.5
Shields        | |  2.8

Action                   |  1- 3 |  4- 6 |  7- 9 | 10-12 || total
-------------------------+-------+-------+-------+-------++-------
Melee: Flail             |    73 |       |       |       ||    73
       Giant spiked club |    57 |   141 |   219 |   323 ||   740
  Use: Potion            |       |     2 |     1 |    12 ||    15
       Scroll            |       |     1 |       |    18 ||    19
 Stab: Sleeping          |     1 |       |     1 |     1 ||     3
       Distracted        |       |       |       |     6 ||     6
Armor: Robe              |    68 |    79 |    93 |    93 ||   333
Dodge: Dodged            |    71 |   127 |   168 |   423 ||   789
Block: Kite shield       |    13 |       |       |       ||    13

Table legend: (Time is in decaauts)
 A = Elapsed time spent in this place.
 B = Non-inter-level travel time spent in this place.
 C = Inter-level travel time spent in this place.
 D = Time resting spent in this place.
 E = Time spent auto-exploring this place.
 F = Levels seen in this place.
 G = Mean time per level.
                   A        B        C        D        E       F      G
               +--------+--------+--------+--------+--------+-----+--------+
         Total |  11328 |  10938 |    390 |   1313 |   7298 |  15 |  755.2 |
       Dungeon |  10456 |  10084 |    372 |   1313 |   6869 |  12 |  871.3 |
        Temple |    187 |    169 |     18 |      0 |    156 |   1 |  187.0 |
         Sewer |    506 |    506 |      0 |      0 |    171 |   1 |  506.0 |
       Ossuary |    177 |    177 |      0 |      0 |    102 |   1 |  177.0 |
               +--------+--------+--------+--------+--------+-----+--------+

Top non-repeatable levels by time:
     D:9: 2495 daAuts
     D:7: 1077 daAuts
    D:11: 990 daAuts
     D:6: 963 daAuts
     D:3: 834 daAuts
     D:1: 832 daAuts
    D:10: 772 daAuts
     D:5: 667 daAuts
     D:4: 646 daAuts
     D:8: 576 daAuts
   Sewer: 506 daAuts
     D:2: 448 daAuts
  Temple: 187 daAuts
 Ossuary: 177 daAuts
    D:12: 152 daAuts
